[Event "SixDays Budapest January-IMA 2023"]
[Site "Budapest"]
[Date "2023.01.25"]
[Round "4.3"]
[White "Ihnat, Marek"]
[Black "Heimisson, Hilmir Freyr"]
[Result "0-1"]
[ECO "C03"]
[WhiteElo "2138"]
[BlackElo "2321"]
[Annotator "TA"]
[PlyCount "134"]
[EventDate "2023.01.23"]
[EventType "tourn"]
[EventCountry "HUN"]
[SourceTitle "playchess.com"]
[Source "ChessBase"]
[SourceQuality "1"]
[TimeControl "5400+30"]

1. e4 e6 2. d4 d5 3. Nd2 Be7 4. e5 c5 5. Qg4 g5 6. dxc5 {[%emt 0:05:59] C03: French Tarrasch: Unusual Black 3rd moves.} h5 7. Bb5+ Bd7 8. Qe2 {[%emt 0:08:51] [#] The position is equal.} Bxb5 $146 ({Predecessor:} 8... Qc7 9. Nb3 Bxb5 10. Qxb5+ Nc6 11. f4 O-O-O 12. Nf3 g4 13. Nfd4 Nxd4 14. Nxd4 Bxc5 {0-1 Adams,M (2716)-Morozevich,A (2723) Frankfurt-West Masters rapid 1999 (10)}) 9. Qxb5+ Qd7 10. Qxd7+ ({White should try} 10. Qe2 $11) 10... Nxd7 $15 11. c4 Nxe5 12. cxd5 Nd3+ 13. Ke2 Nf4+ 14. Kf1 Nxd5 {[%emt 0:00:06][%cal Og8f6] Black is more active.} 15. Ne4 f6 (15... g4 $17 {White must now prevent ...Ngf6.} 16. Ne2 Ngf6 17. Nxf6+ Bxf6) 16. Nf3 Nh6 17. Nd4 Nf5 18. Nxf5 (18. Nxe6 $2 Kd7 19. h4 Kxe6 $19) 18... exf5 19. Nd6+ Bxd6 20. cxd6 Kd7 21. b3 (21. h4 $17) 21... Rac8 $19 (21... Kxd6 22. h4 $17) 22. Ba3 $2 (22. h4 {is a better defense.} g4 23. g3) 22... Rc2 23. g3 Re8 24. Rd1 Nc3 (24... Rxa2 25. Rxd5 Rxa3 26. Rxf5 $17) 25. Rc1 Ree2 (25... Rxa2 26. Rxc3 Rxa3 27. Kg2 $15) (25... Rxc1+ 26. Bxc1 Re2 27. a4 $17) 26. Rxc2 Rxc2 {[%emt 0:00:05][%mdl 4096] Endgame KRB-KRN} 27. Kg2 Rxa2 ({Inferior is} 27... Nxa2 28. Re1 $15) 28. Bb4 Nd5 29. Bc5 b6 30. Rd1 Nc3 31. Rd3 Ne4 32. Bd4 (32. Be3) 32... Rc2 {[%emt 0:03:03] aiming for ...Rd2.} (32... Kxd6 33. Bxb6+ Ke6 34. Be3 $17) 33. h3 g4 ({Weaker is} 33... Nxd6 34. Bxf6 g4 35. Be5 $17) 34. h4 (34. hxg4 {might work better.} hxg4 35. Be3) 34... Nxd6 ({Not} 34... Kxd6 35. Bxb6+ Ke6 36. Bxa7 $17) (34... Rd2 $142 35. Rxd2 Nxd2) 35. Bxf6 Ke6 {[%emt 0:00:05] Prevents Be5.} 36. Bd4 (36. Bg5 $142) 36... Ne4 {[%emt 0:00:13] And now ...Rd2 would win.} 37. Be3 {[%emt 0:00:49] [#] Inhibits Rd2.} Rc8 {[%emt 0:02:17] Wards off Rd8} (37... f4 $1 $19 {[%cal Rf4e3] is more deadly.} 38. gxf4 Nd6) 38. b4 Nf6 39. Ra3 Rc7 40. Bf4 Rd7 41. Bb8 (41. Re3+ $15 Ne4 42. b5) 41... Rd4 (41... Rb7 $17 42. Bf4 Kd5) 42. b5 $15 Rb4 43. Rc3 Rxb5 44. Rc6+ Ke7 45. Bxa7 Nd7 46. Rc8 $2 (46. Rh6 $15) 46... Kd6 $2 ({Better is} 46... Ra5 $19 47. Bb8 b5) 47. Rh8 $2 (47. Bb8+ $1 $11 {and White has nothing to worry.} Kd5 48. Bf4) 47... Kc7 48. Rxh5 Kb7 $2 (48... Ra5 $19 49. Kf1 Rxa7 50. Rxf5 Kd6) 49. Rh7 $11 Rd5 50. Bxb6 Kxb6 {[%emt 0:00:00] KRN-KR} 51. Re7 {[%emt 0:00:34][%mdl 8192] Black continues to play with concentration.} (51. Rf7 $1 $15) 51... Ne5 $19 {[%emt 0:00:52] [#] Strongly threatening ...Nf3.} 52. Kf1 Kc6 {[%emt 0:00:35] ...Nf3 is the strong threat.} 53. Ra7 Nf3 {[%emt 0:00:43] Hoping for ...Re5.} 54. Ra6+ (54. Ke2 $142) 54... Kd7 55. Ra2 (55. Ke2 $142 Rd4 56. Ke3) 55... Ke6 {[%emt 0:00:37] ...Re5 would be deadly.} 56. Re2+ (56. Ke2 $142 f4 57. Ra1) 56... Kf6 (56... Re5 $142 57. Rxe5+ Kxe5) 57. Ra2 Kg6 58. Ra6+ Kh5 59. Rf6 Re5 {[%emt 0:00:23] ( -> ...Re1+)} 60. Kg2 Re1 61. Rxf5+ Kh6 62. Rxf3 gxf3+ 63. Kxf3 {[%emt 0:00:06] KR-K3P} Kh5 {[%emt 0:00:07] Black mates.} 64. Kf4 Re8 65. Kf3 Rf8+ 66. Ke3 Kg4 67. f4 Kxg3 {[%emt 0:00:24] Weighted Error Value: White=0.80/Black=0.61} 0-1

[Event "SixDays Budapest January-IMA 2023"]
[Site "Budapest"]
[Date "2023.01.25"]
[Round "4.4"]
[White "Leszko, Bence"]
[Black "Szeberenyi, Adam"]
[Result "1/2-1/2"]
[ECO "E11"]
[WhiteElo "2298"]
[BlackElo "2331"]
[Annotator "TA"]
[PlyCount "44"]
[EventDate "2023.01.23"]
[EventType "tourn"]
[EventCountry "HUN"]
[SourceTitle "playchess.com"]
[Source "ChessBase"]
[SourceQuality "1"]
[TimeControl "5400+30"]

1. d4 Nf6 2. c4 e6 3. Nf3 Bb4+ 4. Nbd2 a5 5. g3 b6 6. Bg2 Bb7 7. O-O O-O 8. Qc2 {[%emt 0:00:30] E16: Queen's Indian: 4 g3 Bb7 5 Bg2 Bb4+.} Bxd2 9. Bxd2 Be4 10. Qc3 d6 11. Rac1 Nbd7 12. Rfd1 Qe7 13. Bg5 h6 14. Bxf6 Nxf6 {[%emt 0:00:05] [#]} (14... Qxf6 {seems wilder.} 15. Ne5 dxe5 16. dxe5 Nxe5 17. Bxe4 Rad8) 15. Qe3 $146 ({Predecessor:} 15. Nd2 Bxg2 16. Kxg2 c5 17. e4 Qb7 18. d5 Rae8 19. Qd3 Re7 20. dxe6 fxe6 21. Re1 {½-½ Seo,J (2386)-Blomqvist,E (2496) Stockholm Challenge 2019 (4)}) 15... Rfd8 16. b3 c5 17. Rd2 Rac8 18. Nh4 Bxg2 19. Nxg2 {[%emt 0:00:31] The position is equal.} d5 20. dxc5 Rxc5 21. Rcd1 Rd7 22. cxd5 Rcxd5 {[%emt 0:03:03] A rather calm draw.   Weighted Error Value: White=0.05 (flawless) /Black=0.05 (flawless)} 1/2-1/2

[Event "SixDays Budapest January-IMA 2023"]
[Site "Budapest"]
[Date "2023.01.25"]
[Round "4.5"]
[White "Polyik, Peter"]
[Black "Taragan, Uri"]
[Result "1-0"]
[ECO "C02"]
[WhiteElo "2323"]
[BlackElo "1733"]
[Annotator "TA"]
[PlyCount "73"]
[EventDate "2023.01.23"]
[EventType "tourn"]
[EventCountry "HUN"]
[SourceTitle "playchess.com"]
[Source "ChessBase"]
[SourceQuality "1"]
[TimeControl "5400+30"]

1. e4 e6 2. d4 d5 3. e5 c5 4. c3 Qb6 5. Nf3 Nc6 6. Bd3 cxd4 7. O-O $1 {[%emt 0:00:09][%mdl 4] is currently scoring better than 7.cxd4. C02: French: Advance Variation.} Bd7 8. Re1 Be7 {[%emt 0:08:55] [#]} (8... Rc8 $15) 9. c4 $146 {[%emt 0:11:54] White has an edge.} ({Predecessor:} 9. Nbd2 Nh6 10. Nb3 dxc3 11. bxc3 Nf5 12. Rb1 Qc7 13. Bf4 g6 14. h3 O-O-O 15. g4 {1-0 Henriquez Villagra,C (2620)-Boixader Arbo,X (2038) Barcelona Sants op-A 23rd 2022 (1)}) 9... Nb4 10. cxd5 Rc8 (10... exd5 $14 11. a3 Nc6) 11. Na3 (11. dxe6 $16 Bxe6 12. Na3) 11... exd5 $14 {[%emt 0:05:40] [#]} 12. e6 $2 Bxe6 ({Black should play} 12... fxe6 $17 {White must now prevent ...Nf6.} 13. Nc2 Nxc2 14. Bxc2 Nf6) 13. Bb5+ $11 Nc6 {[%emt 0:07:05] And now ...Bxa3 would win.} 14. Nxd4 (14. Qxd4 Nf6 15. Qxb6 axb6 $15) 14... Nf6 15. Nxe6 fxe6 16. Rxe6 Kf7 $2 {[%emt 0:01:28][%mdl 8192] [#]} (16... Qd8 $11 {and Black has nothing to worry.}) 17. Rxf6+ $1 $18 Bxf6 (17... gxf6 $2 18. Qxd5+ Kg7 19. Qh5 $18) 18. Qxd5+ Kf8 19. Be3 (19. Bc4 Ne5 20. Be3 Qc6 21. Qxc6 Nxc6 $11) (19. Bf4 $142 Qd4 20. Bd6+ Ke8 21. Qe6+ Kd8 22. Re1) 19... Ne7 {[%emt 0:08:02] Black is weak on the light squares} 20. Qf3 {[%emt 0:04:55][%mdl 1024] White has strong compensation.} Qd6 {[%emt 0:02:39] [#]} (20... Qc7 {was necessary.} 21. Nc4 (21. Bxa7 b6 $11) 21... Rd8) 21. Rd1 $1 (21. Bxa7 Qd5 22. Qxd5 Nxd5 $14) 21... Qb4 22. Bd4 (22. Bxa7 Kf7 $16) (22. Qxb7 Qxb2 23. Nc4 (23. Qxa7 h5 $16) 23... Qc2 $18) (22. Bc4 $142) 22... Rd8 23. Bc4 $2 ({Weaker is} 23. Bxa7 Rxd1+ 24. Qxd1 g6 $11) (23. Qh5 $18 {[%cal Ob5c4] aiming for Bc4!} Qd6 24. Bc4) 23... Nc6 $1 $11 24. Bxf6 $40 {[%emt 0:05:12][%mdl 128] Black needs to defend precisely. A strong pair of Bishops.} (24. Be3 {is interesting.} Rxd1+ 25. Qxd1 Ke7 26. Kf1) 24... Rxd1+ 25. Qxd1 gxf6 26. g3 Ne5 27. Bb3 (27. Be2 $15) 27... Ke7 ({Don't play} 27... Kg7 $6 28. Nc4 Rf8 29. Ne3 $11) (27... Qd2 $17 {Strongly threatening ...Qxd1+.} 28. Qxd2 Nf3+ 29. Kg2 Nxd2) 28. Qd5 {[%emt 0:01:07] Hoping for Qe6+.} Qb6 {Wards off Qe6+} 29. Qe4 Qc6 30. Bd5 {[%emt 0:00:24][%mdl 64] Skewer} Qc1+ 31. Kg2 {[%emt 0:00:01][%cal Oa3c4] Really sharp! White is more active.} Rc8 {[%emt 0:00:51][%mdl 8192] Wards off Nc4} (31... Qd2 $1 $14) 32. Qxh7+ $18 Kd6 33. Qxb7 {[%emt 0:00:36] Nb5+ would kill now.} a6 {[%emt 0:00:56] [#] Wards off Nb5+} 34. Be4 $1 (34. Qxa6+ $2 {is the wrong capture.} Kxd5 35. h4 Qc6 36. Qxc6+ Nxc6 $19) 34... a5 (34... Nd7 $18 35. Qxa6+ Ke7) 35. Nb5+ {[%emt 0:00:23] White mates.} Ke6 36. Nd4+ Kd6 37. Nf5+ {[%emt 0:00:12] An entertaining game by Polyik.   Weighted Error Value: White=0.39/Black=0.67} 1-0

[Event "SixDays Budapest January-IMA 2023"]
[Site "Budapest"]
[Date "2023.01.25"]
[Round "5.1"]
[White "Taragan, Uri"]
[Black "Ongut, Tamas Gunes"]
[Result "0-1"]
[ECO "A53"]
[WhiteElo "1733"]
[BlackElo "2340"]
[Annotator "TA"]
[PlyCount "64"]
[EventDate "2023.01.23"]
[EventType "tourn"]
[EventCountry "HUN"]
[SourceTitle "playchess.com"]
[Source "ChessBase"]
[SourceQuality "1"]
[TimeControl "5400+30"]

1. d4 Nf6 2. c4 d6 3. Nc3 Nbd7 4. e4 e5 5. d5 Nc5 6. Qc2 a5 7. f3 {[%emt 0:06:40] A53: Old Indian Defence without Nf3.} Be7 8. Be3 O-O 9. Nge2 {[%emt 0:02:41][%cal Bg1e2,Be2c1,Bc1d3][%mdl 32] [#] White has an edge.} h5 $146 ({Predecessor:} 9... Na6 10. Nc1 Ne8 11. g4 Bh4+ 12. Bf2 Nb4 13. Qe2 g6 14. a3 Na6 15. Bxh4 Qxh4+ {0-1 Koellner,U (1918)-Nohr,J (1941) Werther Schloss op-B 12th 2006 (5)}) 10. Nc1 c6 11. Nd3 cxd5 12. cxd5 b6 13. Nxc5 bxc5 14. Bd3 Ne8 15. Qe2 {[%emt 0:10:23] Black is weak on the light squares} Bg5 16. Bxg5 Qxg5 17. Qd2 Qe7 18. Qc2 Nc7 19. a3 (19. b3 $11) 19... Bd7 20. h4 Rfb8 21. Rb1 Nb5 {[%emt 0:02:44] Black is more active.} 22. Nxb5 Bxb5 23. Bxb5 Rxb5 24. g4 (24. Qf2 $17) 24... Qf6 25. Qe2 Rb3 26. gxh5 Rxf3 {[%emt 0:00:09] [#] aiming for ...Rb8.} 27. h6 (27. Qd2 $142) 27... Qf4 $19 (27... gxh6 $2 {perishes.} 28. Qg2+ Kh7 29. Ke2 $19) 28. Kd1 Rf2 {[%emt 0:00:10] Dodges Rh2} 29. Qd3 c4 {[%emt 0:00:11][%mdl 64] [#] Deflection. Black mates.} 30. Qc3 Qxe4 31. h7+ Kh8 32. Rc1 Qe2# {A cool game by Ongut.   Weighted Error Value: White=0.78/Black=0.08 (flawless)} 0-1

[Event "SixDays Budapest January-IMA 2023"]
[Site "Budapest"]
[Date "2023.01.25"]
[Round "5.2"]
[White "Szeberenyi, Adam"]
[Black "Polyik, Peter"]
[Result "1-0"]
[ECO "D11"]
[WhiteElo "2331"]
[BlackElo "2323"]
[Annotator "TA"]
[PlyCount "81"]
[EventDate "2023.01.23"]
[EventType "tourn"]
[EventCountry "HUN"]
[SourceTitle "playchess.com"]
[Source "ChessBase"]
[SourceQuality "1"]
[TimeControl "5400+30"]

1. d4 d5 2. c4 c6 3. e3 Nf6 4. Nf3 Bg4 5. Nc3 e6 6. h3 Bh5 7. g4 Bg6 8. Ne5 {[%emt 0:00:06] D11: Slav Defence: 3 Nf3 sidelines and 3...Nf6 4 e3 Bg4.} Nbd7 9. Nxg6 hxg6 10. g5 {[%emt 0:02:12] White has an edge.} Ne4 11. Nxe4 dxe4 12. h4 Bb4+ 13. Bd2 Qa5 14. Bxb4 {[%emt 0:01:52][%mdl 64] Remove Defender} Qxb4+ 15. Qd2 Qxd2+ 16. Kxd2 f5 17. gxf6 gxf6 18. Be2 Kf7 {[%emt 0:08:37] [#]} 19. f3 $146 ({Predecessor:} 19. Rag1) 19... exf3 20. Bxf3 f5 21. b4 e5 22. Raf1 exd4 23. exd4 Nf6 24. Re1 a5 25. b5 cxb5 26. cxb5 Rad8 27. Bxb7 Rxd4+ 28. Kc3 $1 Rhd8 29. Re2 Rb4 30. Rb2 Rdd4 31. Rxb4 Rxb4 $11 {[%emt 0:00:05][%mdl 4096] Endgame KRB-KRN} 32. Bc6 {[%emt 0:02:46] a3 is the strong threat.} Ne4+ 33. Kc2 Rc4+ 34. Kd3 Rb4 {[%emt 0:00:05] Hoping for ...Nf2+.} (34... Rxc6 $2 35. bxc6 Nc5+ 36. Kd4 $18) 35. Rc1 (35. a3 $5 Nc5+ 36. Ke3 Rb3+ 37. Kd4 Ne6+ 38. Kc4 $14) 35... Nd6 36. a3 Rxh4 37. b6 {[%emt 0:00:43] Strongly threatening Re1.} Rh3+ 38. Kc2 Rxa3 $2 (38... Ke6 $11) 39. Rd1 $1 $18 {[%emt 0:00:06] White is clearly winning.} Ke7 {[%emt 0:00:51] [#]} 40. Re1+ $1 Kf6 {[%emt 0:00:48] [#]} 41. Bd5 $1 {[%emt 0:00:18] Weighted Error Value: White=0.03 (flawless) /Black=0.04 (flawless)} 1-0

[Event "SixDays Budapest January-IMA 2023"]
[Site "Budapest"]
[Date "2023.01.25"]
[Round "5.3"]
[White "Heimisson, Hilmir Freyr"]
[Black "Leszko, Bence"]
[Result "1/2-1/2"]
[ECO "C07"]
[WhiteElo "2321"]
[BlackElo "2298"]
[Annotator "TA"]
[PlyCount "212"]
[EventDate "2023.01.23"]
[EventType "tourn"]
[EventCountry "HUN"]
[SourceTitle "playchess.com"]
[Source "ChessBase"]
[SourceQuality "1"]
[TimeControl "5400+30"]

1. e4 e6 2. d4 d5 3. Nd2 c5 4. exd5 Qxd5 5. Ngf3 cxd4 6. Bc4 Qd7 {[%emt 0:00:05] C07: French Tarrasch: 3...c5, 4 Ngf3 and 4 exd5 Qxd5.} 7. O-O Nc6 8. Nb3 a6 9. Nbxd4 Nxd4 10. Qxd4 Qxd4 11. Nxd4 b5 12. Be2 {[%emt 0:02:01] Black must now prevent a4.} Bb7 13. c4 ({White should try} 13. c3 $14) 13... bxc4 $1 $11 14. Bxc4 Nf6 15. Bb3 Bd6 16. Ba4+ Ke7 {[%emt 0:00:35] [#]} 17. Re1 $146 {[%emt 0:01:02] [#] And now Nf5+ would win.} ({Predecessor:} 17. Bd2 Rhc8 18. Rac1 Ne4 19. Be3 Nc5 20. Bc2 Bd5 21. Rfe1 g6 22. a3 Nd7 23. Bd3 {½-½ Horvath,C (2540)-Chernin,A (2610) HUN-chT 9899 1998}) 17... Bb4 18. Rd1 {[%emt 0:04:00] Hoping for Bc6.} (18. Bc6 $5 Rhb8 19. Rd1 $11) 18... Rhc8 {[%emt 0:01:22] Prevents Bc6} 19. a3 Bd6 20. Bg5 h6 21. Bh4 g5 22. Bg3 {[%emt 0:00:33] [#] Strongly threatening Bxd6+.} Bxg3 23. hxg3 Bd5 24. Rac1 a5 25. Bb5 Rab8 26. a4 Kf8 27. f3 Ne8 28. Kf2 Nd6 29. Rh1 (29. g4 $11) 29... Kg7 30. g4 Nxb5 (30... e5 $5 31. Nf5+ Nxf5 32. gxf5 e4 $15) 31. axb5 Rc4 32. Rxc4 Bxc4 {[%emt 0:00:04][%mdl 4096] Endgame KRB-KRN} 33. Ra1 Bxb5 34. Rxa5 (34. b3 $1 $11) 34... Bc4 $17 35. b3 Bxb3 36. Nxb3 Rxb3 {[%emt 0:00:04] KR-KR} 37. Ra7 Rb2+ 38. Kg3 Re2 39. Re7 Ra2 40. Rb7 Ra8 41. Rc7 Kg6 42. Re7 Rb8 43. Kf2 Rb4 44. Re8 Kg7 45. Kg3 Ra4 46. Re7 Ra8 (46... Kf8 $17 47. Rb7 Kg7) 47. Rb7 (47. Rc7 $1 $11) 47... Rh8 48. Ra7 Kg6 49. Re7 h5 50. gxh5+ Rxh5 51. Re8 Kf6 52. Ra8 Rh4 53. Ra7 Rb4 54. Rc7 Kg6 55. Re7 Ra4 56. Rb7 f5 57. Rb8 Ra3 58. Rg8+ Kf6 59. Kf2 Ra7 60. Kg3 Rg7 61. Rf8+ Ke5 62. Ra8 g4 ({Better is} 62... Rb7 $17) 63. Ra5+ $1 $11 Kf6 64. Kf4 Rb7 {[%emt 0:00:35][%cal Oe6e5] ...e5+! is the strong threat.} 65. Ra6 Rb2 66. Kg3 $1 Kg5 {[%emt 0:03:08] ( -> ...f4+)} 67. Ra5 (67. fxg4 $11 f4+ 68. Kf3) 67... Rb3 $17 68. Rc5 Rd3 69. Ra5 Rd5 70. f4+ Kf6 71. Ra3 Rd2 72. Rb3 Ra2 73. Re3 Ra6 74. Rb3 Ra4 75. Re3 Rb4 76. Rc3 Re4 77. Ra3 Ke7 78. Rd3 Ke8 79. Ra3 Kd7 80. Rd3+ Ke7 81. Rd2 Kf6 82. Rd3 Kg6 83. Rd1 Re2 84. Rd7 Re3+ 85. Kh4 Kf6 86. Ra7 Rb3 87. Rc7 Rb1 88. Kg3 Re1 89. Ra7 Rf1 90. Rb7 Ra1 91. Rc7 Ra8 92. Rb7 Re8 93. Ra7 e5 (93... Rc8 $17 94. Ra2 Rc3+ 95. Kf2 Rb3) 94. fxe5+ $1 $11 {[%emt 0:04:29] The position is equal.} Rxe5 95. Ra8 $1 Re6 96. Kf4 Re4+ 97. Kg3 Rb4 98. Rf8+ Ke6 99. Re8+ Kf7 100. Ra8 Re4 101. Ra6 Re6 102. Ra8 $1 Kf6 103. Kf4 $1 Re4+ 104. Kg3 Ke5 105. Ra5+ Kf6 106. Ra8 Ke5 {Weighted Error Value: White=0.11 (very precise) /Black=0.05 (flawless)} 1/2-1/2

[Event "SixDays Budapest January-IMA 2023"]
[Site "Budapest"]
[Date "2023.01.25"]
[Round "5.4"]
[White "Magold, Filip"]
[Black "Ihnat, Marek"]
[Result "1-0"]
[ECO "A10"]
[WhiteElo "2230"]
[BlackElo "2138"]
[Annotator "TA"]
[PlyCount "83"]
[EventDate "2023.01.23"]
[EventType "tourn"]
[EventCountry "HUN"]
[SourceTitle "playchess.com"]
[Source "ChessBase"]
[SourceQuality "1"]
[TimeControl "5400+30"]

1. c4 g6 2. Nc3 Bg7 3. d4 c5 4. d5 Bxc3+ 5. bxc3 Nf6 6. Qd3 {[%emt 0:03:07] A40: Unusual replies to 1 d4.} Qa5 7. Bd2 d6 8. e4 {[%emt 0:01:47][%cal Be2e4,Be4e5][%mdl 32] Wards off Bf5. White is slightly better.} Nbd7 9. f4 Nb6 10. Nf3 (10. a4 $5) 10... Bg4 {[%emt 0:03:37] [#]} 11. Nh4 $146 ({Predecessor:} 11. Be2 O-O-O 12. O-O Bxf3 13. Bxf3 Nfd7 14. Rfb1 Qa4 15. Be2 g5 16. Rb5 gxf4 17. Bxf4 {½-½ Gailiunaite,S (1892)-Semonaviciute,M (1761) LTU-ch (Women) 2016 (4)}) 11... O-O-O 12. e5 (12. h3 $5 Bd7 13. Be2 $14) 12... Ne8 13. h3 Bd7 14. Be2 Kb8 (14... Nc7 $11) 15. O-O Ng7 {[%emt 0:02:05] [#]} 16. a4 $1 Nf5 {[%emt 0:01:56] [#]} (16... e6 $14) (16... Rhe8 17. g4) 17. Nxf5 (17. Be1 $1 $16) 17... Bxf5 $14 18. Qf3 h5 19. Ra2 Rdf8 20. Rfa1 Bd7 21. Bd3 Nc8 (21... Ka8 $142) 22. Rb2 Nb6 (22... Rhg8 $142) 23. Rba2 Nc8 $1 24. Rb1 Nb6 (24... Rhg8 $16) 25. Qd1 ({White should play} 25. Qe2 $18) 25... Bc8 (25... Re8 $16) 26. Be1 Nd7 27. Rb5 {[%emt 0:09:08] White is more active.} Qc7 28. e6 fxe6 (28... Nf6 $16) 29. dxe6 $18 ({Inferior is} 29. Bxg6 Rxf4 30. Bxh5 (30. dxe6 Ne5 $17) 30... Rg8 $17) 29... Nf6 {[%emt 0:00:32] [#]} 30. Qe2 ({Resist} 30. Bxg6 $6 Bxe6 31. Rab2 Bxc4 $16) (30. Rab2 $1 $18) 30... Rfg8 $2 {[%emt 0:02:49] A mistake that costs the game.} (30... Ne8 $16) 31. Bh4 Rh7 32. a5 Rhg7 33. Rab2 Re8 (33... g5 {was called for.} 34. fxg5 Rxg5) 34. Qf3 a6 35. Rb6 {[%emt 0:00:17] aiming for Rc6.} Ka7 36. Bg5 Qb8 $2 (36... Rd8 37. Kh2 Qb8) 37. g3 {[%emt 0:00:45] White is clearly winning.} Rd8 38. Bf1 d5 39. cxd5 Nxd5 {[%emt 0:00:27] [#]} 40. c4 $1 Nxb6 (40... Nb4 41. Qe3) 41. axb6+ Ka8 {[%emt 0:00:11] Strongly threatening ...Qd6.} 42. Ra2 {[%emt 0:00:04] Weighted Error Value: White=0.25 (precise) /Black=0.45} 1-0

[Event "SixDays Budapest January-IMA 2023"]
[Site "Budapest"]
[Date "2023.01.25"]
[Round "5.5"]
[White "Baski, Barnabas"]
[Black "Orso, Miklos"]
[Result "1/2-1/2"]
[ECO "A05"]
[WhiteElo "2188"]
[BlackElo "2256"]
[Annotator "TA"]
[PlyCount "90"]
[EventDate "2023.01.23"]
[EventType "tourn"]
[EventCountry "HUN"]
[SourceTitle "playchess.com"]
[Source "ChessBase"]
[SourceQuality "1"]
[TimeControl "5400+30"]

1. Nf3 Nf6 2. g3 g6 3. b3 Bg7 4. Bb2 d5 5. c4 c6 6. Bg2 O-O 7. O-O Nbd7 8. d4 b5 $1 {[%emt 0:02:45][%mdl 4] [#] is recently more successful than 8...Ne4. D78: Fianchetto Grünfeld: 6 0-0 c6.} 9. Qd3 $146 (9. Ne5 $11 Qb6 10. cxb5 cxb5 11. Nc3) ({Predecessor:} 9. cxd5 cxd5 10. Ne5 Bb7 11. Nd3 Ne4 12. Nd2 Qb6 13. e3 Rfc8 14. b4 a5 15. Nc5 Ndxc5 16. dxc5 {0-1 Svane,R (2637)-Oparin,G (2681) Wch Blitz Warsaw 2021 (20)}) 9... bxc4 $15 10. bxc4 Ba6 (10... Rb8 $1 $15 11. Qa3 Qb6) 11. Nbd2 $11 Rb8 (11... dxc4 {is interesting.} 12. Qa3 c3 13. Qxa6 cxb2 14. Rab1 Rb8) 12. Qa3 Bxc4 13. Nxc4 dxc4 14. Nd2 Nb6 15. Rac1 c5 16. Nxc4 ({And not} 16. Qxa7 Nfd5 17. Bxd5 Qxd5 $17) 16... cxd4 (16... Nxc4 $14 17. Rxc4 Nd7) 17. Ne5 {[%emt 0:09:07][%cal Oe5c6] Hoping for Nc6!} Qd6 18. Nc6 Rb7 19. Qxd6 (19. Nxa7 $2 Qxa3 20. Bxa3 Rxa7 $19) 19... exd6 20. Bxd4 d5 21. Rfd1 {[%emt 0:03:34] White has more active pieces.} Re8 22. e3 Rd7 23. Bh3 {[%emt 0:05:58] [#] Strongly threatening Bxf6. This pair of bishops is nice.} Rc7 24. Na5 (24. Nb4 $16 Rc4 25. a3) 24... Nc4 ({Better is} 24... Rxc1 $14 25. Rxc1 Ne4) 25. Nxc4 dxc4 26. Rc2 ({White should play} 26. Bf1 $16) 26... Ne4 27. Bg2 f5 28. Bxg7 Kxg7 29. Bxe4 Rxe4 {[%mdl 4096] Endgame KRR-KRR} 30. Rc3 Re5 31. Rd4 Rec5 32. Kg2 Kf6 33. h3 R5c6 34. g4 h5 35. Kg3 hxg4 36. hxg4 fxg4 37. Kxg4 Kf7 38. f4 Kf6 39. e4 Ke6 40. e5 Ke7 {[%emt 0:01:02] [#]} (40... Rc8 $11) 41. Kg5 ({White must play} 41. Kf3 $1 $16) 41... Kf7 {[%emt 0:00:08] The position is equal.} 42. Re4 Ke6 43. Rd4 (43. Kxg6 $2 {too greedy.} Kd5+ 44. e6 Kxe4 $19) 43... Kf7 44. Re4 Ke6 45. Rd4 (45. Kxg6 $2 {is the wrong capture.} Kd5+ 46. e6 Kxe4 $19) 45... Kf7 {[%emt 0:00:06] Weighted Error Value: White=0.17 (very precise) /Black=0.17 (very precise)} 1/2-1/2

[Event "SixDays Budapest January-IMA 2023"]
[Site "Budapest"]
[Date "2023.01.28"]
[Round "9.1"]
[White "Heimisson, Hilmir Freyr"]
[Black "Ongut, Tamas Gunes"]
[Result "1/2-1/2"]
[ECO "B22"]
[WhiteElo "2321"]
[BlackElo "2340"]
[Annotator "TA"]
[PlyCount "74"]
[EventDate "2023.01.23"]
[EventType "tourn"]
[EventCountry "HUN"]
[SourceTitle "playchess.com"]
[Source "ChessBase"]
[SourceQuality "1"]
[TimeControl "5400+30"]

1. e4 c5 2. c3 Nf6 3. e5 Nd5 4. Nf3 d6 5. Bb5+ Bd7 6. Bc4 {[%emt 0:00:09] B22: Sicilian: 2 c3.} e6 7. d4 cxd4 8. Bxd5 (8. Qxd4 Nc6 9. Qe4 dxe5 10. Nxe5 Nf6 $15) 8... exd5 9. O-O {[%emt 0:00:09] [#]} Bg4 $146 ({Predecessor:} 9... Be6 10. Nxd4 dxe5 11. Nxe6 fxe6 12. Qh5+ Kd7 13. c4 d4 14. Qxe5 Nc6 15. Qb5 Qb6 {1-0 Blomqvist,E (2544)-Nandhidhaa,P (2358) Rilton Cup 50th 2022 (6)}) 10. exd6 ({Much weaker is} 10. Qxd4 Bxf3 11. gxf3 Nc6 12. Qxd5 dxe5 $15) 10... Bxd6 11. Re1+ (11. Qxd4 $5 Bxf3 12. Qxg7 $11) 11... Kf8 12. h3 (12. Qxd4 Bxf3 13. gxf3 Nc6 $17) 12... Bh5 13. cxd4 ({But not} 13. Qxd4 Bxf3 14. gxf3 Nc6 $15) 13... Nc6 14. Be3 (14. Nc3 $14 {feels stronger.}) 14... Qd7 15. Nc3 Rd8 16. Nxd5 {[%emt 0:04:46] A dynamic duo of knights.} Bh2+ 17. Kxh2 $16 Qxd5 {[%emt 0:00:06] [#]} 18. b3 (18. Rc1 $1 $16) 18... Bxf3 $11 19. Qxf3 Qxf3 20. gxf3 {[%emt 0:00:11][%cal Od4d5] Strongly threatening d5!} Nb4 (20... Nxd4 $2 21. Rad1 $18) 21. d5 {[%emt 0:15:32] Hoping for Bc5+.} Nc2 $1 22. Bc5+ Kg8 23. Be7 Ra8 24. d6 {[%emt 0:04:21][%cal Od6d7] Black must now prevent d7!} Nxe1 25. Rxe1 {[%emt 0:00:20][%mdl 4096] Endgame Threatens to win with d7. KRR-KRB} f6 26. d7 Kf7 27. Bd6 f5 $1 28. Bc7 {[%emt 0:07:54] Prevents Rhd8.} Rad8 29. Rd1 Ke6 30. Bxd8 Rxd8 {[%emt 0:00:06] KR-KR} 31. Re1+ Kf6 32. Rd1 Ke6 33. Re1+ Kf6 34. Rd1 Ke6 35. Kg3 {[%emt 0:00:04] And now Kf4 would win.} h6 $2 {[%emt 0:10:39] [#]} (35... Rxd7 $11 {and Black has nothing to worry.} 36. Rxd7 Kxd7) 36. Re1+ $2 (36. Kf4 $1 $18) 36... Kf6 (36... Kxd7 37. Rd1+ Ke8 38. Rxd8+ Kxd8 39. Kf4 $18) 37. Rd1 {[%emt 0:00:05] aiming for h4.} Ke5 {Weighted Error Value: White=0.17 (very precise) /Black=0.18 (very precise)} (37... Ke6 $11 {keeps the balance.}) 1/2-1/2